 Dungeon Crawl Stone Soup version 0.28.0-53-g5a82cb258f (webtiles) character file.

Game seed: 3681811099209017668

1600 Jerry the Ruffian (level 8, 0/80 HPs)
             Began as a Troll Fighter on Aug 1, 2022.
             Was a Believer of Uskayaw.
             Slain by an orc warrior
             ... wielding a +0 war axe
              (18 damage)
             ... in a bailey.
             The game lasted 00:15:08 (4961 turns).

Jerry the Ruffian (Troll Fighter)                   Turns: 4961, Time: 00:15:08

Health: 0/80       AC:  4    Str: 25    XL:     8   Next: 62%
Magic:  7/7        EV: 10    Int:  4    God:    Uskayaw [**....]
Gold:   292        SH:  8    Dex: 11    Spells: 7/7 levels left

rFire   . . .      SeeInvis +     - Unarmed
rCold   . . .      Faith    .   b - +0 kite shield
rNeg    . . .      Spirit   .   a - +0 robe
rPois   .          Reflect  .   (helmet restricted)
rElec   .          Harm     .   (no cloak)
rCorr   .          Rampage  .   (gloves unavailable)
Will    .....                   (boots unavailable)
Stlth   +.........              (no amulet)
HPRegen 1.03/turn               x - ring of see invisible
MPRegen 0.10/turn               (no ring)

@: no status effects
A: large, unfitting armour, claws 3, regeneration 1, shaggy fur 1, tough skin 1
a: Renounce Religion, Stomp, Line Pass


You were in a bailey.
You worshipped Uskayaw.
Uskayaw was noncommittal.
You visited 2 branches of the dungeon, and saw 8 of its levels.
You also visited: Bailey.

You collected 292 gold pieces.

Inventory:

Missiles
 l - 2 datura-tipped darts (quivered)
 y - a curare-tipped dart
Armour
 a - a +0 robe (worn)
 b - a +0 kite shield (worn)
Jewellery
 x - a ring of see invisible (left claw)
Scrolls
 d - 7 scrolls of identify {unknown}
 i - 4 scrolls of fear {unknown}
 j - a scroll of amnesia {unknown}
 o - 3 scrolls of immolation {unknown}
 p - a scroll of silence {unknown}
 s - a scroll of teleportation {unknown}
 t - a scroll of vulnerability {unknown}
 v - a scroll of fog {unknown}
 w - a scroll of blinking {unknown}
Potions
 c - a potion of might
 e - 2 potions of curing {unknown}
 f - a potion of heal wounds {unknown}
 g - a potion of flight {unknown}
 h - a potion of degeneration {unknown}
 k - a potion of mutation {unknown}
 m - 2 potions of resistance {unknown}
 n - a potion of cancellation {unknown}
 q - a potion of haste {unknown}
 r - a potion of lignification {unknown}
 u - a potion of attraction {unknown}


   Skills:
 + Level 5.2 Fighting
 + Level 5.1 Dodging
 + Level 5.1 Shields
 + Level 5.7 Unarmed Combat
 + Level 0.0 Invocations


You had 7 spell levels left.
You didn't know any spells.
Your spell library contained the following spells:

 Spells                   Type           Power      Damage    Failure   Level
 Apportation              Tloc           0%         N/A       77%         1
 Static Discharge         Conj/Air       0%         N/A       88%         2
 Dispel Undead            Necr           0%         3d6       100%        4
 Sticky Flame             Conj/Fire      0%         2d3       100%        4
 Alistair's Intoxication  Tmut/Pois      0%         N/A       100%        5
 Dispersal                Tloc           0%         N/A       100%        6
 Disjunction              Tloc           0%         N/A       100%        8


Dungeon Overview and Level Annotations

Branches:
Dungeon (7/15)             Temple (1/1) D:6          Bailey (1/1)

Altars:
Elyvilon
Kikubaaqudgha
Qazlal
Sif Muna
Trog
Uskayaw
Vehumet

Shops:
D:2 (   D:5 *   D:6 :


Innate Abilities, Weirdness & Mutations

You are too large for most types of armour.
You have claws for hands.
Your natural rate of healing is unusually fast.
You are covered in fur. (AC +1)
You have tough skin. (AC +1)


Message History

You can now pass through a line of other dancers.
You scratch the orc warrior but do no damage.
The orc warrior is lightly wounded.
The orc warrior barely misses you.
You closely miss the orc warrior.
The orc warrior is lightly wounded.
You block the orc warrior's attack.
You scratch the orc warrior but do no damage.
The orc warrior is lightly wounded.
The orc warrior hits you with a +0 war axe.
You scratch the orc warrior.
The orc warrior is moderately wounded.
You block the orc warrior's attack.
You scratch the orc warrior.
The orc warrior is moderately wounded.
The orc warrior hits you with a +0 war axe.
You closely miss the orc warrior.
The orc warrior is moderately wounded.
The orc warrior hits you with a +0 war axe!
You are too injured to fight recklessly!
You are too injured to fight recklessly!
You are too injured to fight recklessly!
You scratch the orc warrior but do no damage.
The orc warrior is moderately wounded.
The orc warrior closely misses you.
You barely miss the orc warrior.
The orc warrior is moderately wounded.
The orc warrior hits you with a +0 war axe!
You closely miss the orc warrior.
The orc warrior is moderately wounded.
You block the orc warrior's attack.
You claw the orc warrior!
The orc warrior is severely wounded.
The orc warrior hits you with a +0 war axe!
* * * LOW HITPOINT WARNING * * *
You completely miss the orc warrior.
The orc warrior is severely wounded.
The orc warrior closely misses you.
The orc warrior hits you with a +0 war axe!!
You die...

#..'.....+
####.)#..⌠..#
#...).#.....#
#.8...#.....#
#.....#######
#.8#### #..#
#.8# #.@#
##o#


gg# #gg# #..# #..# #..# #+## You could see an orc warrior, a gnoll and 3
hobgoblins.

Vanquished Creatures
  A sky beast (D:4)
  A hornet zombie (D:5)
  A necrophage (D:6)
  4 ogres
  A phantom (D:4)
  A kobold brigand (D:6)
  A bullfrog (D:6)
  A scorpion (D:5)
  A water moccasin zombie (D:5)
  An electric eel (Bailey)
  3 jellies
  2 orc priests
  6 hounds
  A killer bee zombie (D:6)
  8 gnolls
  A howler monkey skeleton (D:6)
  5 adders
  An ufetubus (D:4)
  3 adder skeletons (D:4)
  4 worms
  3 dart slugs
  12 orcs
  2 bat zombies (D:3)
  10 endoplasms
  9 giant cockroaches
  7 goblins
  4 hobgoblins
  18 jackals
  3 quokkas
  8 ball pythons
  4 bats
  3 frilled lizards
  7 kobolds
  8 rats
  3 rat zombies (D:3)
148 creatures vanquished.

Vanquished Creatures (others)
  A demonic plant (D:3)
  2 plants
3 creatures vanquished.

Grand Total: 151 creatures vanquished

Notes
Turn   | Place    | Note
-------+----------+-------------------------------------------
     0 | D:1      | Jerry the Troll Fighter began the quest for the Orb.
     0 | D:1      | Reached XP level 1. HP: 22/22 MP: 0/0
     1 | D:1      | Found a runed translucent door.
   181 | D:1      | Reached XP level 2. HP: 29/29 MP: 1/1
   722 | D:1      | Reached XP level 3. HP: 36/36 MP: 2/2
   824 | D:2      | Reached XP level 4. HP: 23/44 MP: 3/3
  1155 | D:2      | Found Vidoon's Weapon Emporium.
  1485 | D:3      | Reached XP level 5. HP: 43/53 MP: 4/4
  1823 | D:3      | Found an ancient bone altar of Kikubaaqudgha.
  2014 | D:3      | Found a faded altar of an unknown god.
  2382 | D:4      | Noticed an ogre
  2387 | D:4      | Killed an ogre
  2388 | D:4      | Reached XP level 6. HP: 27/61 MP: 5/5
  2565 | D:4      | Noticed a sky beast
  2584 | D:4      | Killed a sky beast
  2802 | D:4      | Reached XP level 7. HP: 55/70 MP: 6/6
  3090 | D:5      | Entered Level 5 of the Dungeon
  3156 | D:5      | Found Weibuepnot's Mayhem Merchandise.
  3655 | D:5      | Reached XP level 8. HP: 62/79 MP: 7/7
  3776 | D:6      | Reached skill level 5 in Unarmed Combat
  4392 | D:6      | Reached skill level 5 in Fighting
  4392 | D:6      | Reached skill level 5 in Dodging
  4394 | D:6      | Found Reamap's Book Emporium.
  4426 | D:6      | Reached skill level 5 in Shields
  4693 | D:6      | Found a staircase to the Ecumenical Temple.
  4702 | Temple   | Entered the Ecumenical Temple
  4710 | Temple   | Became a worshipper of Uskayaw the Reveller
  4825 | D:7      | Found a flagged portal.
  4836 | Bailey   | Entered a bailey
  4856 | Bailey   | Reached * piety under Uskayaw
  4950 | Bailey   | Reached ** piety under Uskayaw
  4961 | Bailey   | Slain by an orc warrior

Illustrated notes

Levels and vault maps discovered:
D:1:      dpeg_arrival_caged_fury, layout_rooms, serial_forest,
          infiniplex_forest_end_double, infiniplex_forest_clump_double,
          infiniplex_forest_end_double, infiniplex_forest_end_3,
          infiniplex_forest_clump_medium, infiniplex_forest_end_2,
          infiniplex_forest_lined_2, skrybe_limestone_x,
          minmay_misc_feat_diagonals
D:2:      layout_basic, serial_shops, nicolae_shop_bloodbath_and_beyond,
          due_unseen_surprise
D:3:      layout_basic, lemuel_zombie_altar_kikubaaqudgha,
          shapermc_ecumenical_altar_gd
D:4:      layout_basic
D:5:      layout_cave_pools, minmay_shop_mayhem, minmay_misc_feat_enclosed,
          kennysheep_small_square
D:6:      layout_basic, temple_hall, serial_shops, nicolae_stop_n_shop_1
D:7:      layout_basic, enter_bailey_2, kennysheep_generic_room_11,
          uniq_crazy_yiuf_cottage
Temple:   compressed_dpeg_circular_temple
Bailey:   bailey_axe_of_yendor_kennysheep, bailey

Skill      XL: |  1  2  3  4  5  6  7  8 |
---------------+-------------------------+-----
Fighting       | 3 4 5 |  5.2
Shields        | 3 4 5 |  5.1
Dodging        | 3 4 5 |  5.1
Unarmed Combat | 3 4 5 |  5.7

Action                   |  1- 3 |  4- 6 |  7- 9 || total
-------------------------+-------+-------+-------++-------
Melee: Unarmed           |    94 |   151 |   194 ||   439
 Stab: Sleeping          |       |     2 |     1 ||     3
Armor: Robe              |    26 |    32 |    37 ||    95
Dodge: Dodged            |    31 |    56 |    84 ||   171
Block: Kite shield       |    19 |    54 |   112 ||   185
